 Dungeon Crawl Stone Soup version 0.31-a0-232-gb1c03b2570 (webtiles) character file.

Game seed: 12629445015576514159

12975 qw the Skirmisher (level 11, -9/100 HPs)
             Began as a Minotaur Hexslinger on July 6, 2023.
             Was a Priest of Okawaru.
             Mangled by a death yak (15 damage)
             ... on level 2 of the Lair of Beasts.
             The game lasted 00:04:05 (9255 turns).

qw the Skirmisher (Minotaur Hexslinger)             Turns: 9255, Time: 00:04:06

Health: -9/100     AC:  9    Str: 14    XL:     11   Next: 69%
Magic:  15/15      EV: 22    Int: 10    God:    Okawaru [***...]
Gold:   631        SH:  0    Dex: 22    Spells: 11/12 levels left

rFire   + . .        Y - +0 arbalest
rCold   + . .        (shield currently unavailable)
rNeg    . . .        k - +0 troll leather armour
rPois   .            (helmet restricted)
rElec   .            b - scarf {rC+ rF+}
rCorr   .            h - +1 pair of gloves
SInv    +            s - +0 pair of boots
Will    .....        e - amulet of the acrobat
Stlth   +++          j - ring of see invisible
HPRegen 1.16/turn    r - +6 ring of dexterity
MPRegen 0.14/turn

%: acrobat
@: about to teleport, heroic
A: horns 2, retaliatory headbutt
a: Renounce Religion, Heroism


You were on level 2 of the Lair of Beasts.
You worshipped Okawaru.
Okawaru was most pleased with you.
You visited 2 branches of the dungeon, and saw 11 of its levels.

You collected 631 gold pieces.


Innate Abilities, Weirdness & Mutations

You have a pair of horns on your head.
You reflexively headbutt those who attack you in melee.


   Skills:
 - Level 10.2(15.2) Fighting
 + Level 14.0(19.0) Ranged Weapons
 - Level 4.4(9.4) Armour
 - Level 8.2(13.2) Dodging
 - Level 1.0 Spellcasting
 - Level 2.0 Hexes
 - Level 7.5 Invocations


You had 11 spell levels left.
You knew the following spells:

 Your Spells              Type           Power      Damage    Failure   Level
a - Slow                  Hex            16%        N/A       19%         1

Your spell library contained the following spells:

 Spells                   Type           Power      Damage    Failure   Level
 Inner Flame              Hex/Fire       2%         N/A       63%         3
 Portal Projectile        Hex/Tloc       4%         N/A       63%         3
 Cause Fear               Hex            2%         N/A       87%         4

Inventory:

Hand Weapons
 Y - a +0 arbalest (weapon)
Armour
 b - a scarf of resistance (worn)
 h - a +1 pair of gloves (worn)
 k - a +0 troll leather armour (worn)
 o - a +0 leather armour of fire resistance
 p - a +0 cloak
 s - a +0 pair of boots (worn)
Jewellery
 e - an amulet of the acrobat (around neck)
 g - a +4 ring of protection
 j - a ring of see invisible (left hand)
 m - the ring "Udiawn" {Wiz rF+}
   (You found it on level 4 of the Dungeon)

   [ring of wizardry]

   It improves your spell success rate.
   rF:        It protects you from fire.
 r - a +6 ring of dexterity (right hand)
Scrolls
 a - 4 scrolls of identify
 l - 3 scrolls of teleportation
Potions
 c - 2 potions of attraction {unknown}
 d - 2 potions of enlightenment
 i - a potion of mutation
 n - 2 potions of curing
 q - a potion of magic

Dungeon Overview and Level Annotations

Branches:
Dungeon (9/15)             Temple (0/1) D:7            Lair (2/5) D:9
    Orc (0/2) D:9
  Swamp: Lair:2-3    Shoals: Lair:2-3     Snake: Lair:2-3    Spider: Lair:2-3

Altars:
Ashenzari
Fedhas
Hepliaklqana
Kikubaaqudgha
Okawaru
Xom
The Shining One

Shops:
D:5 *

Annotations:
D:4 1 runed translucent door, qw's ghost, amateur GrHs
D:9 3 runed translucent doors, qw's ghost, novice GrFi


Message History

You headbutt the elephant!
The elephant trunk-slaps you but does no damage.
The death yak closely misses you. You furiously retaliate!
You headbutt the death yak.
Your base Fighting skill increases to level 10!
You shoot a bolt. The bolt hits the elephant!!
The elephant is heavily wounded.
The elephant barely misses you.
The elephant trunk-slaps you but does no damage.
The death yak gores you. x2
You shoot a bolt. The bolt barely misses the elephant.
The death yak misses you. The elephant barely misses you.
The elephant completely misses you. The death yak completely misses you.
The death yak gores you!
You shoot a bolt. The bolt hits the elephant!
The elephant is severely wounded.
The death yak gores you!
The elephant tramples you but does no damage.
The elephant misses you. The death yak gores you!
The death yak gores you but does no damage.
The death yak gores you!
You shoot a bolt.
The bolt completely misses the elephant.
The death yak closely misses you. The elephant completely misses you.
You furiously retaliate!
You headbutt the elephant! The elephant barely misses you.
The death yak completely misses you. The death yak misses you.
The death yak gores you!
9254 ||| READING 4 scrolls of teleportation.
As you read the scroll of teleportation, it crumbles to dust.
You feel strangely unstable. The death yak closely misses you.
The death yak completely misses you. The elephant closely misses you.
The elephant trunk-slaps you but does no damage.
The death yak gores you! The death yak misses you.
9255 ||| DRINKING potion of heal wounds.
You feel much better. The death yak closely misses you.
The death yak misses you. The death yak gores you! The elephant tramples you!
You hold your ground!
The elephant misses you. The death yak gores you!
You die...

### ###.## ###### .
####...P########.#..###
.. ......................
.PP#.#...##.......%......
....#...#.....##.#..#...
#...........##.#......
#...YY#.....##....#...
#..%Y@#..........#....
#...YY.......#....#...
..../....##....#....#....
..##.....##....##...#....
Y #.....#########.......
#..P.## ###..#.... P..###
...#...... ....
....#..... }...##....


You could see 4 death yaks and an elephant.

Vanquished Creatures
  3 two-headed ogres
  A death yak (Lair:2)
  A manticore (D:7)
  An elephant (Lair:2)
  A torpor snail (Lair:1)
  Maggie (D:6)
  2 cane toads (Lair:1)
  4 komodo dragons
  2 trolls (D:7)
  2 dream sheep (Lair:1)
  A shadow (D:7)
  3 wyverns (D:9)
  A wraith (D:9)
  A yak (D:7)
  2 steam dragons
  2 basilisks
  3 swamp worms (D:9)
  4 wargs (D:9)
  An acid dragon (D:7)
  9 water moccasins
  5 orc warriors
  2 ice beasts (D:7)
  A sky beast (D:7)
  A centaur (D:9)
  2 phantoms (D:5)
  2 kobold brigands (D:7)
  10 bullfrogs
  2 scorpions (D:5)
  5 wights (D:8)
  4 howler monkeys
  8 hounds
  A jelly (D:5)
  8 orc priests
  A gnoll bouda (D:9)
  5 iguanas
  2 sleepcaps (D:7)
  10 orc wizards
  4 gnolls (D:9)
  14 adders
  A shadow imp (D:6)
  2 white imps
  2 ufetubi (D:7)
  3 worms
  2 dart slugs (D:1)
  33 orcs
  4 bats
  5 endoplasms
  4 giant cockroaches
  6 goblins
  8 hobgoblins
  9 jackals
  5 kobolds
  5 quokkas
  7 ball pythons
  4 frilled lizards
  4 rats
236 creatures vanquished.

Vanquished Creatures (others)
  A swamp drake (D:9)
1 creature vanquished.

Grand Total: 237 creatures vanquished

Notes
Turn   | Place    | Note
-------+----------+-------------------------------------------
     0 | D:1      | qw the Minotaur Hexslinger began the quest for the Orb.
     0 | D:1      | Reached XP level 1. HP: 16/16 MP: 1/1
     0 | D:1      | 0 ||| qw: Version: 0.3-a-46-gb1f654a
     0 | D:1      | 0 ||| qw: Game counter: 1997
     0 | D:1      | 0 ||| qw: Melee chars always use a shield: true
     0 | D:1      | 0 ||| qw: God list: Okawaru
     0 | D:1      | 0 ||| qw: Allow faded altars: false
     0 | D:1      | 0 ||| qw: Do Orc after clearing Dungeon:15 true
     0 | D:1      | 0 ||| qw: Do second Lair branch before Depths: true
     0 | D:1      | 0 ||| qw: Lair rune preference: random
     0 | D:1      | 0 ||| qw: Goals: Normal
     0 | D:1      | 0 ||| PLANNING D:1-11
     9 | D:1      | 9 ||| FLEEEEING.
    13 | D:1      | 13 ||| FLEEEEING.
    14 | D:1      | 14 ||| FLEEEEING.
   109 | D:1      | Reached skill level 3 in Ranged Weapons
   112 | D:1      | Reached XP level 2. HP: 23/23 MP: 2/2
   212 | D:1      | 212 ||| FLEEEEING.
   218 | D:1      | 218 ||| FLEEEEING.
   313 | D:1      | Reached XP level 3. HP: 29/29 MP: 3/3
   479 | D:1      | 479 ||| UPGRADING to +0 ring mail.
   489 | D:1      | 489 ||| DROPPING +0 robe.
   490 | D:1      | 490 ||| UPGRADING to +1 pair of gloves.
   495 | D:1      | 495 ||| READING 3 scrolls labelled RANNOQ SANLYRY.
   496 | D:1      | 496 ||| READING 2 scrolls of identify.
   496 | D:1      | 496 ||| IDENTIFYING fizzy blue potion
   497 | D:1      | 497 ||| DROPPING scroll of poison.
   498 | D:1      | 498 ||| DROPPING potion of lignification.
   555 | D:2      | Reached skill level 4 in Ranged Weapons
   597 | D:2      | Reached skill level 1 in Armour
   678 | D:2      | Reached XP level 4. HP: 27/36 MP: 4/4
   825 | D:2      | Found a faded altar of an unknown god.
  1369 | D:2      | 1369 ||| DROPPING ring of flight.
  1370 | D:2      | 1370 ||| READING scroll labelled QEOGYH ITUAN.
  1375 | D:2      | 1375 ||| READING scroll labelled FUOMOO XIXIH.
  1376 | D:2      | 1376 ||| READING scroll labelled ALUIZA XAPT.
  1377 | D:2      | 1377 ||| READING scroll labelled RIOSUK FOEHI.
  1378 | D:2      | 1378 ||| READING 4 scrolls of identify.
  1378 | D:2      | 1378 ||| IDENTIFYING metallic cyan potion
  1379 | D:2      | 1379 ||| READING 3 scrolls of identify.
  1379 | D:2      | 1379 ||| IDENTIFYING viscous orange potion
  1380 | D:2      | 1380 ||| READING 2 scrolls of identify.
  1380 | D:2      | 1380 ||| IDENTIFYING glowing red potion
  1400 | D:3      | Reached skill level 5 in Ranged Weapons
  1401 | D:3      | 1401 ||| STAIRDANCE
  1416 | D:2      | Reached XP level 5. HP: 26/44 MP: 5/5
  1485 | D:3      | Reached skill level 3 in Fighting
  1647 | D:3      | Found a hazy altar of Hepliaklqana.
  1877 | D:3      | 1877 ||| READING 2 scrolls of identify.
  1877 | D:3      | 1877 ||| IDENTIFYING smoky purple potion
  1878 | D:3      | 1878 ||| DROPPING potion of brilliance.
  1957 | D:4      | Found a runed translucent door.
  2025 | D:4      | Reached skill level 6 in Ranged Weapons
  2033 | D:4      | Reached XP level 6. HP: 40/52 MP: 6/6
  2034 | D:4      | 2034 ||| FLEEEEING.
  2035 | D:4      | 2035 ||| FLEEEEING.
  2115 | D:4      | Identified the ring "Udiawn" {Wiz rF+}
  2303 | D:4      | Found an iron altar of Okawaru.
  2304 | D:4      | 2304 ||| PLANNING OKAWARU WORSHIP
  2304 | D:4      | 2304 ||| UPGRADING to scarf of resistance.
  2309 | D:4      | 2309 ||| UPGRADING to amulet of the acrobat.
  2314 | D:4      | 2314 ||| UPGRADING to ring "Udiawn" {Wiz rF+}.
  2315 | D:4      | 2315 ||| READING scroll labelled JAIXIS UNOWUNE.
  2323 | D:4      | Became a worshipper of Warmaster Okawaru
  2324 | D:4      | 2324 ||| PLANNING D:1-11
  2616 | D:4      | Noticed qw's ghost (amateur GrHs)
  2726 | D:4      | 2726 ||| READING scroll labelled ZIL ZIASAJODGH.
  2730 | D:5      | Entered Level 5 of the Dungeon
  2846 | D:5      | Found a glowing golden altar of the Shining One.
  2926 | D:5      | Reached skill level 7 in Ranged Weapons
  2982 | D:5      | Noticed a water moccasin
  2994 | D:5      | Killed a water moccasin
  2994 | D:5      | Reached * piety under Okawaru
  2995 | D:5      | Reached XP level 7. HP: 30/59 MP: 7/7
  2995 | D:5      | 2995 ||| INVOKING Heroism.
  3148 | D:5      | Reached skill level 8 in Ranged Weapons
  3164 | D:5      | Noticed a two-headed ogre
  3175 | D:5      | Killed a two-headed ogre
  3175 | D:5      | Reached ** piety under Okawaru
  3176 | D:5      | Reached XP level 8. HP: 40/74 MP: 8/8
  3294 | D:5      | 3294 ||| READING scroll of enchant weapon.
  3294 | D:5      | 3294 ||| ENCHANTING +2 sling of draining.
  3405 | D:5      | Found Pilattic's General Store.
  3409 | D:5      | Reached skill level 1 in Invocations
  3447 | D:5      | 3447 ||| SHOPLISTING 2 potions of resistance (280 gold,
                  | have 260).
  4086 | D:6      | Noticed Maggie
  4106 | D:6      | Killed Maggie
  4107 | D:6      | Reached skill level 3 in Invocations
  4317 | D:6      | Reached skill level 9 in Ranged Weapons
  4378 | D:6      | Reached *** piety under Okawaru
  4511 | D:6      | 4511 ||| UPGRADING to +0 steam dragon scales.
  4521 | D:6      | 4521 ||| DROPPING +0 ring mail.
  4522 | D:6      | 4522 ||| READING scroll labelled SOEBOSO SALEUG.
  4523 | D:6      | 4523 ||| READING 2 scrolls labelled ANGOOROURYITT.
  4624 | D:6      | 4624 ||| READING 5 scrolls of identify.
  4624 | D:6      | 4624 ||| IDENTIFYING amethyst potion
  4625 | D:6      | 4625 ||| DROPPING scroll of silence.
  4699 | D:7      | 4699 ||| INVOKING Heroism.
  4701 | D:7      | Reached skill level 3 in Dodging
  4701 | D:7      | Reached XP level 9. HP: 74/81 MP: 8/11
  4727 | D:7      | 4727 ||| STAIRDANCE
  4799 | D:7      | 4799 ||| INVOKING Heroism.
  4821 | D:7      | Identified the +8 hand axe of Obiter Dictum {protect, rF++
                  | Str-5}
  4871 | D:7      | Reached skill level 10 in Ranged Weapons
  4888 | D:7      | Noticed a troll
  4889 | D:7      | 4889 ||| INVOKING Heroism.
  4897 | D:7      | Killed a troll
  4918 | D:7      | Noticed a troll
  4924 | D:7      | 4924 ||| INVOKING Heroism.
  4931 | D:7      | Killed a troll
  4932 | D:7      | Reached skill level 11 in Ranged Weapons
  5006 | D:7      | 5006 ||| INVOKING Heroism.
  5045 | D:7      | Noticed a komodo dragon
  5046 | D:7      | 5046 ||| INVOKING Heroism.
  5057 | D:7      | Killed a komodo dragon
  5058 | D:7      | Reached skill level 12 in Ranged Weapons
  5058 | D:7      | Reached XP level 10. HP: 78/88 MP: 10/12
  5104 | D:7      | Noticed a manticore
  5105 | D:7      | 5105 ||| INVOKING Heroism.
  5114 | D:7      | Killed a manticore
  5247 | D:7      | Reached **** piety under Okawaru
  5449 | D:7      | Found a staircase to the Ecumenical Temple.
  5463 | D:7      | 5463 ||| READING scroll of enchant armour.
  5463 | D:7      | 5463 ||| ENCHANTING +0 steam dragon scales.
  5465 | D:7      | Found an ancient bone altar of Kikubaaqudgha.
  5749 | D:7      | 5749 ||| UPGRADING to +0 troll leather armour.
  5759 | D:7      | 5759 ||| DROPPING +1 steam dragon scales.
  5760 | D:7      | 5760 ||| UPGRADING to +0 pair of boots.
  5765 | D:7      | 5765 ||| DROPPING ring of magical power.
  5766 | D:7      | 5766 ||| UPGRADING to +6 ring of dexterity.
  5767 | D:7      | 5767 ||| READING scroll labelled MIOBRO ENIROSO.
  5804 | D:7      | 5804 ||| DRINKING 2 ruby potions.
  5805 | D:7      | 5805 ||| READING 6 scrolls of identify.
  5805 | D:7      | 5805 ||| IDENTIFYING murky purple potion
  5806 | D:7      | 5806 ||| DROPPING potion of invisibility.
  5884 | D:8      | Noticed a two-headed ogre
  5885 | D:8      | 5885 ||| INVOKING Heroism.
  5896 | D:8      | Killed a two-headed ogre
  5982 | D:8      | 5982 ||| INVOKING Heroism.
  6041 | D:8      | Reached skill level 6 in Dodging
  6157 | D:8      | Noticed a two-headed ogre
  6158 | D:8      | 6158 ||| INVOKING Heroism.
  6167 | D:8      | Killed a two-headed ogre
  6168 | D:8      | Reached skill level 13 in Ranged Weapons
  6168 | D:8      | Reached skill level 6 in Invocations
  6576 | D:8      | Found a broken altar of Ashenzari.
  6576 | D:8      | Found a blossoming altar of Fedhas.
  6747 | D:8      | 6747 ||| UPGRADING to ring of see invisible.
  6749 | D:8      | 6749 ||| READING scroll labelled MUDGHE OHYM.
  6798 | D:9      | 6798 ||| INVOKING Heroism.
  6852 | D:9      | 6852 ||| INVOKING Heroism.
  6890 | D:9      | Found a staircase to the Orcish Mines.
  6963 | D:9      | Found a runed translucent gate.
  6963 | D:9      | Found a runed translucent gate.
  6963 | D:9      | Found a runed translucent gate.
  6964 | D:9      | Noticed qw's ghost (novice GrFi)
  7004 | D:9      | 7004 ||| INVOKING Heroism.
  7009 | D:9      | 7009 ||| Stepping ~*~*~tactically~*~*~ (outnumbered).
  7030 | D:9      | Found a shimmering altar of Xom.
  7044 | D:9      | Reached XP level 11. HP: 84/94 MP: 15/15
  7317 | D:9      | 7317 ||| Stepping ~*~*~tactically~*~*~ (outnumbered).
  7328 | D:9      | 7328 ||| INVOKING Heroism.
  7356 | D:9      | 7356 ||| SWAPPING to +0 orcbow.
  7357 | D:9      | 7357 ||| DROPPING +0 shortbow.
  7358 | D:9      | 7358 ||| DROPPING +3 sling of draining.
  7408 | D:9      | 7408 ||| INVOKING Heroism.
  7452 | D:9      | 7452 ||| DRINKING potion of resistance.
  7474 | D:9      | Identified the +5 shortbow of Xidwienk {flame, Int+3 SInv
                  | Stlth+}
  7476 | D:9      | 7476 ||| DROPPING +5 shortbow of Xidwienk {flame, Int+3
                  | SInv Stlth+}.
  7499 | D:9      | Found a staircase to the Lair.
  7506 | D:9      | 7506 ||| DRINKING potion of cancellation.
  7684 | D:9      | 7684 ||| INVOKING Heroism.
  7691 | D:9      | Reached skill level 9 in Fighting
  7720 | D:9      | 7720 ||| INVOKING Heroism.
  7747 | D:9      | 7747 ||| SWAPPING to +0 arbalest.
  7748 | D:9      | 7748 ||| DROPPING +0 orcbow.
  7890 | D:9      | 7890 ||| INVOKING Heroism.
  7891 | D:9      | 7891 ||| READING 7 scrolls of identify.
  7891 | D:9      | 7891 ||| IDENTIFYING brown potion
  7892 | D:9      | 7892 ||| READING 6 scrolls of identify.
  7892 | D:9      | 7892 ||| IDENTIFYING smoky black potion
  7894 | D:9      | 7894 ||| DROPPING potion of berserk rage.
  7895 | D:9      | 7895 ||| DROPPING potion of ambrosia.
  7911 | D:9      | HP: 20/97 [swamp worm (11)]
  7912 | D:9      | 7912 ||| READING 5 scrolls of teleportation.
  7913 | D:9      | 7913 ||| DRINKING 2 potions of heal wounds.
  7914 | D:9      | 7914 ||| INVOKING Heroism.
  8038 | D:9      | 8038 ||| INVOKING Heroism.
  8107 | D:9      | 8107 ||| PLANNING LAIR
  8200 | Lair:1   | Entered Level 1 of the Lair of Beasts
  8201 | Lair:1   | 8201 ||| INVOKING Heroism.
  8208 | Lair:1   | Received a gift from Okawaru
  8346 | Lair:1   | 8346 ||| INVOKING Heroism.
  8351 | Lair:1   | Reached skill level 14 in Ranged Weapons
  8397 | Lair:1   | 8397 ||| INVOKING Heroism.
  8455 | Lair:1   | 8455 ||| FLEEEEING.
  8456 | Lair:1   | 8456 ||| FLEEEEING.
  8457 | Lair:1   | 8457 ||| FLEEEEING.
  8458 | Lair:1   | 8458 ||| FLEEEEING.
  8460 | Lair:1   | 8460 ||| FLEEEEING.
  8461 | Lair:1   | 8461 ||| FLEEEEING.
  8462 | Lair:1   | 8462 ||| FLEEEEING.
  8463 | Lair:1   | 8463 ||| FLEEEEING.
  8464 | Lair:1   | 8464 ||| FLEEEEING.
  8465 | Lair:1   | 8465 ||| FLEEEEING.
  8468 | Lair:1   | 8468 ||| FLEEEEING.
  8470 | Lair:1   | 8470 ||| INVOKING Heroism.
  9122 | Lair:1   | 9122 ||| READING scroll labelled DUSCHE BATUATOP.
  9123 | Lair:1   | 9123 ||| READING 6 scrolls of identify.
  9123 | Lair:1   | 9123 ||| IDENTIFYING fizzy emerald potion
  9124 | Lair:1   | 9124 ||| READING 5 scrolls of identify.
  9124 | Lair:1   | 9124 ||| IDENTIFYING fizzy coppery potion
  9203 | Lair:2   | 9203 ||| INVOKING Heroism.
  9232 | Lair:2   | Noticed a death yak
  9233 | Lair:2   | 9233 ||| INVOKING Heroism.
  9236 | Lair:2   | Noticed a death yak
  9236 | Lair:2   | Noticed a death yak
  9238 | Lair:2   | Noticed a death yak
  9240 | Lair:2   | Noticed a death yak
  9241 | Lair:2   | Killed a death yak
  9253 | Lair:2   | HP: 21/100 [death yak (17)]
  9254 | Lair:2   | 9254 ||| READING 4 scrolls of teleportation.
  9255 | Lair:2   | 9255 ||| DRINKING potion of heal wounds.
  9255 | Lair:2   | HP: 6/100 [elephant (10)]
  9255 | Lair:2   | Mangled by a death yak

Levels and vault maps discovered:
D:1:      heliophobic_arrival_enchanted_forest, layout_basic,
          minmay_misc_feat_rugged
D:2:      layout_loops_ring, shapermc_ecumenical_altar_mp_highgroup,
          roderic_roman_lattice, eino_tiny_chamber, chequers_mini_garden,
          grunt_ministairs_14
D:3:      layout_rooms, nzn_hepliaklqana_mist_gate, amcnicky_mini_pool_small
D:4:      layout_loops_ring, okawaru_trees_1, ebering_ghost_sewer_d
D:5:      layout_basic, mainiacjoe_overflow_alcove_2, serial_shops, shop
D:6:      layout_loops_corners, uniq_maggie
D:7:      minmay_the_grid_octo_tiled_squarecenter [minmay_the_grid_octo_horde,
          minmay_the_grid_octo_checkerflower, minmay_the_grid_octo_empty,
          minmay_the_grid_octo_focus,
          minmay_the_grid_square_5x5_megaprize_crossed,
          minmay_the_grid_square_5x5_broken_cross,
          minmay_the_grid_square_5x5_three_walls,
          minmay_the_grid_square_5x5_minimal,
          minmay_the_grid_square_5x5_beaten_path], layout_rooms,
          kiku_gazebo_pond_becter, kennysheep_generic_room_5
D:8:      layout_loops_ring, gammafunk_temple_overflow_pools,
          mrwooster_statue_mirror
D:9:      layout_long_grid, mainiacjoe_overflow_24_doors, erik_lair_dragon,
          minmay_orc_entry_guard_dogs, ebering_ghost_rock_garden, st_stairs_12,
          chequers_serial_rivers_room_b, worms_lemuel
Lair:1:   layout_concentric_octagons
Lair:2:   layout_regular_city, nicolae_spider_entry_tight_spaces, ice2_lemuel,
          grunt_megastairs_3, lemuel_fruit_fields, infiniplex_staircase_pool,
          uniq_prince_ribbit2

Skill      XL: |  1  2  3  4  5  6  7  8  9 10 11 |
---------------+----------------------------------+-----
Ranged Weapons | 3 4 5 6 7 8 9 12 13 14 | 14.0
Fighting       | 2 3 4 8 10 | 10.2
Armour         | 1 2 4 |  4.4
Invocations    | 4 7 |  7.5
Dodging        | 3 5 6 8 |  8.2
Spellcasting   | |  1.0
Hexes          | |  2.0

Action                     |  1- 3 |  4- 6 |  7- 9 | 10-12 || total
---------------------------+-------+-------+-------+-------++-------
   Fire: Sling             |    84 |   212 |   275 |   224 ||   795
         Arbalest          |       |       |       |   106 ||   106
         Orcbow            |       |       |       |    65 ||    65
 Invoke: Heroism           |       |       |     7 |    20 ||    27
    Use: Scroll            |     2 |    10 |     4 |    11 ||    27
         Potion            |       |       |       |     5 ||     5
 Armour: Robe              |     6 |       |       |       ||     6
         Ring mail         |     1 |    50 |    20 |       ||    71
         Steam dragon scal |       |       |    36 |     5 ||    41
         Troll leather arm |       |       |       |    34 ||    34
  Dodge: Dodged            |    19 |    79 |   121 |   159 ||   378

Table legend:
 A = Non-vault XP
 B = Vault XP
 C = Vault XP percentage of total XP
 D = Non-vault monster count
 E = Vault monster count
 F = Vault count percentage of total count
                 A         B        C        D         E       F
            +---------+---------+-------+---------+---------+-------
      Total |   12055 |    6482 |  35.0 |     190 |      47 |  19.8
            +---------+---------+-------+---------+---------+-------
        D:1 |      44 |       0 |   0.0 |      24 |       0 |   0.0
        D:2 |     133 |      15 |  10.1 |      22 |       2 |   8.3
        D:3 |      80 |       0 |   0.0 |      22 |       0 |   0.0
        D:4 |     235 |       0 |   0.0 |      16 |       0 |   0.0
        D:5 |    1636 |       0 |   0.0 |      25 |       0 |   0.0
        D:6 |     207 |     424 |  67.2 |       5 |       1 |  16.7
        D:7 |     709 |    3711 |  84.0 |      18 |      31 |  63.3
        D:8 |    2560 |       0 |   0.0 |      16 |       0 |   0.0
        D:9 |    1556 |    2332 |  60.0 |      25 |      13 |  34.2
     Lair:1 |    3205 |       0 |   0.0 |      14 |       0 |   0.0
     Lair:2 |    1690 |       0 |   0.0 |       3 |       0 |   0.0
            +---------+---------+-------+---------+---------+-------
